 Dungeon Crawl Stone Soup version 0.23.1 (webtiles) character file.

Game seed: 5687556305709719886

46 Lanoc the Chopper (level 3, -2/27 HPs)
             Began as a Vine Stalker Gladiator on Mar 1, 2019.
             Killed from afar by an orc wizard (6 damage)
             ... with a magic dart
             ... on level 3 of the Dungeon.
             The game lasted 00:01:04 (488 turns).

Lanoc the Chopper (Vine Stalker Gladiator)           Turns: 488, Time: 00:01:05

Health: -2/27      AC: 21    Str: 16    XL:     3   Next: 68%
Magic:  0/4        EV:  2    Int: 13    God:
Gold:   35         SH:  0    Dex: 16    Spells: 2/2 levels left

rFire    . . .     SeeInvis .   a - +0 war axe
rCold    . . .     Gourm    .   (no shield)
rNeg     + + +     Faith    .   (armour currently unavailable)
rPois    +         Spirit   +   (helmet currently unavailable)
rElec    .         Reflect  .   (cloak currently unavailable)
rCorr    .         Harm     .   (gloves currently unavailable)
MR       .....     NoTele   +   (boots currently unavailable)
Stlth    +.........             l - amulet of inaccuracy (curse)
HPRegen  0.09/turn              (no ring)
MPRegen  0.09/turn              (no ring)

@: brilliant, tree-form
A: magic shield, no potion heal 3, rot immunity
a: no special abilities


You were on level 3 of the Dungeon.
You were not hungry.
You were a tree.
You visited 1 branch of the dungeon, and saw 3 of its levels.

You collected 35 gold pieces.

Inventory:

Hand Weapons
 a - a +0 war axe (weapon)
Missiles
 d - 3 throwing nets (quivered)
Armour
 b - a +0 leather armour (melded)
 c - a +0 helmet (melded)
Jewellery
 j - a +3 amulet of reflection
 l - a cursed amulet of inaccuracy (around neck)
Scrolls
 k - a scroll of teleportation
 m - a scroll of identify {unknown}
Potions
 g - a potion of lignification
 h - a potion of curing {unknown}
 i - a potion of flight {unknown}
Comestibles
 f - 2 rations


   Skills:
 + Level 2.2 Fighting
 * Level 3.3 Axes
 - Level 1.7 Throwing
 + Level 0.9 Armour
 + Level 2.7 Dodging


You had 2 spell levels left.
You didn't know any spells.
Your spell library was empty.

Dungeon Overview and Level Annotations

Branches:
Dungeon (3/15)

Altars:
Elyvilon
Hepliaklqana


Innate Abilities, Weirdness & Mutations

((You have extremely sharp teeth.))
When hurt, damage is shared between your health and your magic reserves.
((Your bite disrupts and absorbs the magic of your enemies.))
Potions cannot restore your health.
You are immune to rotting.


Message History

The orc wizard casts a spell.
The orc wizard blinks!
You slash the rat!
You kill the rat!
The orc wizard gestures at you while chanting.
The magic dart hits you but does no damage.
The orc wizard casts a spell at you. The magic dart hits you.
* * * LOW HITPOINT WARNING * * *
It was a potion of brilliance.
You feel clever all of a sudden.
You slash the goblin!
You kill the goblin!
You miss the orc wizard.
The orc wizard hits you but does no damage.
You slash the orc wizard!
The orc wizard is heavily wounded.
The orc wizard points at you and mumbles some strange words.
The magic dart hits you.
You die...

##†.####..
#.........
#.#...####
#)#...# #.#...#
#########.#...#
#.........#...#
#.#####.#.#...#
#...o♣))#####.#
#..####)# # ..#
#o# ... .r.
...# .##


You could see an orc wizard.

Vanquished Creatures
  An orc wizard (D:3)
  3 orcs (D:3)
  A bat (D:3)
  A goblin (D:3)
  2 hobgoblins
  A kobold (D:2)
  2 quokkas
  A frilled lizard (D:2)
  3 rats
15 creatures vanquished.

Notes
Turn   | Place    | Note
-------+----------+-------------------------------------------
     0 | D:1      | Lanoc the Vine Stalker Gladiator began the quest for the
                  | Orb.
     0 | D:1      | Reached XP level 1. HP: 11/11 MP: 2/2
   394 | D:3      | Reached XP level 2. HP: 12/15 MP: 3/3
   398 | D:3      | Found a white marble altar of Elyvilon.
   469 | D:3      | Found a hazy altar of Hepliaklqana.
   471 | D:3      | Reached skill level 3 in Axes
   482 | D:3      | Reached XP level 3. HP: 5/18 MP: 2/4
   488 | D:3      | Killed from afar by an orc wizard

Skill      XL: |  1  2 |
---------------+-------+-----
Fighting       | 2 |  2.2
Axes           | 3 |  3.3
Throwing       | |  1.7
Armour         | |  0.9
Dodging        | |  2.7

Action                   || total
-------------------------++-------
Melee: War axe           ||    41
       Bite              ||     4
  Use: Scroll            ||     1
       Potion            ||     2
 Stab: Sleeping          ||     1
Armor: Leather armour    ||    11
       Skin              ||     7
Dodge: Dodged            ||    16
Block: Other             ||     3
